 Dungeon Crawl Stone Soup version 0.26.1-11-gd32895ea62 (webtiles) character file.

Game seed: 856721682135012068

609 dtburroughs the Chopper (level 7, 0/62 HPs)
             Began as a Minotaur Berserker on June 14, 2021.
             Was a Believer of Trog.
             Slain by a mummy (8 damage)
             ... in an ossuary.
             The game lasted 00:05:53 (3415 turns).

dtburroughs the Chopper (Minotaur Berserker)        Turns: 3415, Time: 00:05:54

Health: 0/62       AC:  2    Str: 22    XL:     7   Next: 19%
Magic:  6/6        EV: 13    Int:  6    God:    Trog [**....]
Gold:   201        SH:  0    Dex:  9    Spells: 6/6 levels left

rFire    . . .     SeeInvis .   a - +0 hand axe
rCold    . . .     Faith    .   (no shield)
rNeg     . . .     Spirit   .   c - -1 leather armour (curse)
rPois    .         Reflect  .   (helmet restricted)
rElec    .         Harm     .   (no cloak)
rCorr    .         Rampage  .   (no gloves)
Will     .....                  (no boots)
Stlth    +.........             (no amulet)
HPRegen  0.20/turn              (no ring)
MPRegen  0.10/turn              (no ring)

@: no status effects
A: retaliatory headbutt, horns 2
a: Renounce Religion, Berserk, Trog's Hand


You were in an ossuary.
You worshipped Trog.
Trog was pleased with you.
You visited 1 branch of the dungeon, and saw 4 of its levels.
You also visited: Ossuary.

You collected 201 gold pieces.

Inventory:

Hand Weapons
 a - a +0 hand axe (weapon)
Armour
 b - a +0 ring mail
 c - a cursed -1 leather armour (worn)
 k - a +1 scale mail of poison resistance
 o - the cursed +1 ring mail "Uddokhe" {rF+ rCorr, unknown}
   (You found it on level 4 of the Dungeon)

   It protects you from fire.
   It provides partial protection from all sources of acid and corrosion.
   It has a curse placed upon it.
Wands
 m - a wand of acid (4)
Scrolls
 e - 4 scrolls of enchant weapon {unknown}
 h - a scroll of enchant armour {unknown}
 i - 6 scrolls of identify {unknown}
 j - 2 scrolls of immolation {unknown}
 l - 3 scrolls of magic mapping {unknown}
 n - a scroll of random uselessness {unknown}
Potions
 d - a potion of brilliance {unknown}
 f - a potion of mutation {unknown}
 g - 3 potions of curing {unknown}


   Skills:
 + Level 5.8 Fighting
 + Level 5.9 Axes
 + Level 5.2 Armour
 + Level 4.7 Dodging


You had 6 spell levels left.
You didn't know any spells.
Your spell library was empty.

Dungeon Overview and Level Annotations

Branches:
Dungeon (4/15)            Ossuary (1/1)
 Temple: D:4-7

Altars:
Trog


Innate Abilities, Weirdness & Mutations

You reflexively headbutt those who attack you in melee.
You have a pair of horns on your head.


Message History

There is an open door, spattered with blood here.
You closely miss the hound zombie.
Your skin stops crawling.
You feel less strong-willed.
You barely miss the mummy.
The mummy is lightly damaged.
You hit the mummy.
The mummy is moderately damaged.
You barely miss the mummy. You headbutt the mummy.
The mummy is heavily damaged.
The hound zombie bites you but does no damage.
The mummy hits you.
* * * LOW HITPOINT WARNING * * *
There is an open door, spattered with blood here.
You closely miss the mummy.
The mummy is heavily damaged.
You slash the mummy! You hit the mummy but do no damage.
The mummy closely misses you.
An adder zombie comes into view.
The mummy hits you!
You die...

##### #..∩#
#.∩.# #M..#
##≈#.##@##'##+#
≈≈..≈Z≈MM......
≈##≈≈≈≈#Z#'#+#'
##.#. .# # ####
##


You could see 3 mummies, an adder zombie (wandering) and a hound zombie.

Vanquished Creatures
  Grinder (D:4)
  Sigmund (D:2)
  Jessica (D:2)
  2 orc wizards (D:2)
  3 mummies (Ossuary)
  2 gnolls (D:1)
  3 adders
  2 adder zombies
  A worm (D:2)
  2 dart slugs (D:2)
  4 leopard geckos
  2 orcs
  6 bats
  A giant cockroach (D:2)
  5 goblins
  8 hobgoblins
  9 jackals
  A quokka (D:2)
  A ball python (D:2)
  3 frilled lizards (D:2)
  5 kobolds
  7 rats
70 creatures vanquished.

Notes
Turn   | Place    | Note
-------+----------+-------------------------------------------
     0 | D:1      | dtburroughs the Minotaur Berserker began the quest for the
                  | Orb.
     0 | D:1      | Reached XP level 1. HP: 19/19 MP: 0/0
    36 | D:1      | Reached XP level 2. HP: 17/27 MP: 1/1
   854 | D:1      | Reached XP level 3. HP: 27/33 MP: 2/2
  1039 | D:2      | Found a bloodstained altar of Trog.
  1360 | D:2      | Noticed Jessica
  1366 | D:2      | Killed Jessica
  1366 | D:2      | Noticed Sigmund
  1367 | D:2      | Reached XP level 4. HP: 30/41 MP: 3/3
  1378 | D:2      | Killed Sigmund
  1379 | D:2      | Reached skill level 5 in Fighting
  1379 | D:2      | Reached skill level 5 in Axes
  1379 | D:2      | Reached XP level 5. HP: 27/48 MP: 4/4
  1924 | D:2      | Reached ** piety under Trog
  2054 | D:2      | Reached XP level 6. HP: 51/56 MP: 5/5
  3146 | D:4      | Got a steaming ring mail
  3161 | D:4      | Noticed Grinder
  3183 | D:4      | Paralysed by Grinder for 3 turns
  3189 | D:4      | Paralysed by Grinder for 4 turns
  3195 | D:4      | Killed Grinder
  3196 | D:4      | Reached skill level 5 in Armour
  3196 | D:4      | Reached XP level 7. HP: 15/62 MP: 6/6
  3377 | D:4      | Found a sand-covered staircase.
  3386 | Ossuary  | Entered an ossuary
  3415 | Ossuary  | Slain by a mummy

Illustrated notes

Levels and vault maps discovered:
D:1:      nicolae_arrival_memento_mori, layout_rooms
D:2:      minmay_diamond_boxcup, layout_loops_cross, trog_three_pillars_becter,
          uniq_jessica, uniq_sigmund
D:3:      layout_rooms
D:4:      minmay_octagon_keep, layout_rooms, minmay_temple_entry_steel_oval,
          nicolae_ossuary_entry_monument, uniq_grinder
Ossuary:  ossuary_zaba_flooded

Skill      XL: |  1  2  3  4  5  6 |
---------------+-------------------+-----
Axes           | 4 5 |  5.9
Fighting       | 4 5 |  5.8
Armour         | 3 4 5 |  5.2
Dodging        | 3 4 |  4.7

Action                   |  1- 3 |  4- 6 |  7- 9 || total
-------------------------+-------+-------+-------++-------
Melee: Hand axe          |    62 |    93 |    19 ||   174
       Headbutt          |     9 |    12 |     6 ||    27
Invok: Berserk           |       |     1 |       ||     1
       Trog's Hand       |       |     2 |     1 ||     3
Armor: Leather armour    |     8 |    19 |     3 ||    30
Dodge: Dodged            |    32 |    72 |    14 ||   118
